 Dungeon Crawl Stone Soup version 0.28-a0-793-g31680bbd8b (webtiles) character file.

Game seed: 5781214383890911185

72 siradein the Skirmisher (level 4, -6/35 HPs)
             Began as a Demonspawn Fighter on Nov 4, 2021.
             Killed by divine providence
             ... invoked by an orc priest
              (8 damage)
             ... on level 4 of the Dungeon.
             The game lasted 00:09:16 (2624 turns).

siradein the Skirmisher (Demonspawn Fighter)        Turns: 2624, Time: 00:09:17

Health: -6/35      AC: 13    Str: 18    XL:     4   Next: 6%
Magic:  5/5        EV:  9    Int:  9    God:
Gold:   135        SH:  9    Dex: 12    Spells: 3/3 levels left

rFire   . . .      SeeInvis .   a - +0 long sword
rCold   . . .      Faith    .   c - +0 buckler
rNeg    . . .      Spirit   .   b - +0 scale mail
rPois   .          Reflect  +   w - +0 helmet
rElec   .          Harm     .   (no cloak)
rCorr   .          Rampage  .   j - +2 pair of gloves
Will    .....                   (no boots)
Stlth   ..........              f - amulet of reflection
HPRegen 0.11/turn               (no ring)
MPRegen 0.09/turn               (no ring)

@: no status effects
A: slimy green scales 1, powered by pain 1
a: no special abilities


You were on level 4 of the Dungeon.
You visited 1 branch of the dungeon, and saw 4 of its levels.

You collected 135 gold pieces.

Inventory:

Hand Weapons
 a - a +0 long sword (weapon)
Armour
 b - a +0 scale mail (worn)
 c - a +0 buckler (worn)
 j - a +2 pair of gloves (worn)
 w - a +0 helmet (worn)
Jewellery
 f - an amulet of reflection (around neck)
Wands
 x - a wand of paralysis (8)
Scrolls
 g - a scroll of holy word {unknown}
 i - a scroll of silence {unknown}
 k - a scroll of magic mapping
 l - 2 scrolls of enchant armour
 o - a scroll of fog {unknown}
 p - a scroll of immolation {unknown}
 q - a scroll of amnesia {unknown}
 r - a scroll of enchant weapon {unknown}
 s - a scroll of brand weapon {unknown}
 v - 2 scrolls of noise {unknown}
 y - a scroll of teleportation {unknown}
 z - a scroll of blinking {unknown}
Potions
 d - a potion of might
 e - a potion of magic
 h - a potion of invisibility {unknown}
 m - a potion of lignification {unknown}
 n - 4 potions of curing
 t - a potion of attraction {unknown}
 u - a potion of haste {unknown}


   Skills:
 + Level 3.5 Fighting
 + Level 2.3 Long Blades
 + Level 3.1 Armour
 + Level 3.1 Shields
 + Level 1.8 Invocations


You had 3 spell levels left.
You didn't know any spells.
Your spell library was empty.

Dungeon Overview and Level Annotations

Branches:
Dungeon (4/15)
 Temple: D:4-7

Altars:


Innate Abilities, Weirdness & Mutations

You are partially covered in slimy green scales. (AC +2)
You sometimes gain a little power by taking damage.


Message History

Found a stone staircase leading up.
There is a stone staircase leading up here.
x - a wand of paralysis (8);
y - a scroll labelled SORAOBL XETECW
z - a scroll labelled UBEK QEAFUCOXT
A - a scroll of identify
v - 2 scrolls labelled SAFROY MUON (gained 1)
Found a rapier.
As you read the scroll of identify, it crumbles to dust.
e - a potion of magic An orc comes into view.
It is wielding a +0 dagger.
Found a stone staircase leading down.
The orc shouts!
You hear a shout!
An orc is nearby!
An orc and an orc priest come into view.
The orc priest shouts!
The orc shouts!
Found a scroll labelled SORAOBL XETECW.
Found a stone staircase leading down.
You hit the orc.
The orc is almost dead.
You block the orc's attack.
You slash the orc!
You kill the orc!
The orc priest mumbles some strange prayers to Beogh against you.
Pain shoots through your body! The orc hits you but does no damage.
You hit the orc.
The orc is heavily wounded.
The orc barely misses you.
The orc priest calls down the wrath of Beogh upon you.
Pain shoots through your body! You block the orc priest's attack.
You block the orc's attack.
You hit the orc priest.
The orc priest is moderately wounded.
The orc priest calls down the wrath of Beogh upon you.
Beogh smites you!
* * * LOW HITPOINT WARNING * * *
You block the orc's attack.
The orc priest hits you but does no damage.
Okay, then.
The orc priest invokes the aid of Beogh against you.
Beogh smites you!
You die...

.....# . ......##> .
.....#.## ..
#..#...#### ###
...#..#....#.## ##.#
..............###..###
.......#.......#.....#
......o.o......##....#
....>...@...#........#
...........##)...#..##
.?..###..........#..###
... #......##........#
#. ........###......# #
..#...............##
...##...............##
#... ..................
....##.......


You could see an orc priest and an orc.

Vanquished Creatures
  An adder (D:2)
  2 worms (D:2)
  4 dart slugs
  5 orcs
  4 ball pythons
  A giant cockroach (D:2)
  5 goblins
  4 hobgoblins
  4 quokkas
  3 bats
  2 frilled lizards (D:2)
  3 kobolds
  5 rats
43 creatures vanquished.

Vanquished Creatures (others)
  A plant (D:4)
1 creature vanquished.

Grand Total: 44 creatures vanquished

Notes
Turn   | Place    | Note
-------+----------+-------------------------------------------
     0 | D:1      | siradein the Demonspawn Fighter began the quest for the
                  | Orb.
     0 | D:1      | Reached XP level 1. HP: 18/18 MP: 1/1
   594 | D:1      | Gained mutation: You sometimes gain a little power by
                  | taking damage. [demonic ancestry]
   594 | D:1      | Reached XP level 2. HP: 14/24 MP: 2/2
  1240 | D:2      | Found a faded altar of an unknown god.
  1247 | D:2      | Reached skill level 1 in Invocations
  1346 | D:2      | Gained mutation: You are partially covered in slimy green
                  | scales. (AC +2) [demonic ancestry]
  1346 | D:2      | Reached XP level 3. HP: 29/29 MP: 3/3
  2463 | D:3      | Reached XP level 4. HP: 35/35 MP: 5/5
  2623 | D:4      | HP: 1/35 [orc priest/divine providence (16)]
  2624 | D:4      | Killed from afar by an orc priest

Illustrated notes

Levels and vault maps discovered:
D:1:      dpeg_arrival_water_fire, layout_basic
D:2:      layout_basic, hellmonk_ecumenical_altar_pennies_from_heaven
D:3:      layout_loops_corners
D:4:      corexii_shantytown, layout_cave_pools

Skill      XL: |  1  2 |
---------------+-------+-----
Long Blades    | 2 |  2.3
Invocations    | 1 |  1.8
Armour         | 3 |  3.1
Shields        | 3 |  3.1
Fighting       | |  3.5

Action                   |  1- 3 |  4- 6 || total
-------------------------+-------+-------++-------
Melee: Long sword        |   111 |     4 ||   115
  Use: Scroll            |     3 |     1 ||     4
Armor: Scale mail        |    50 |     2 ||    52
Dodge: Dodged            |    39 |     1 ||    40
Block: Buckler           |    39 |     4 ||    43
       Reflection        |     1 |       ||     1

Table legend: (Time is in decaauts)
 A = Elapsed time spent in this place.
 B = Non-inter-level travel time spent in this place.
 C = Inter-level travel time spent in this place.
 D = Time resting spent in this place.
 E = Time spent auto-exploring this place.
 F = Levels seen in this place.
 G = Mean time per level.
                   A        B        C        D        E       F      G
               +--------+--------+--------+--------+--------+-----+--------+
         Total |   2661 |   2563 |     98 |      0 |   2219 |   4 |  665.2 |
       Dungeon |   2661 |   2563 |     98 |      0 |   2219 |   4 |  665.2 |
               +--------+--------+--------+--------+--------+-----+--------+

Top non-repeatable levels by time:
     D:1: 1169 daAuts
     D:3: 760 daAuts
     D:2: 683 daAuts
     D:4: 47 daAuts
